 Dungeon Crawl Stone Soup version 0.26.1 (webtiles) character file.

Game seed: 16829796147519810468

97129 LemonRage the Gelid (level 15, -2/82 HPs)
             Began as a Deep Elf Ice Elementalist on Feb 6, 2021.
             Was an Elder of Sif Muna.
             Slain by a ghost moth (7 damage)
             ... on level 3 of the Spider Nest.
             The game lasted 03:11:05 (35465 turns).

LemonRage the Gelid (Deep Elf Ice Elementalist)    Turns: 35465, Time: 03:11:06

Health: -2/82      AC: 18    Str:  6 (7)  XL:     15   Next: 71%
Magic:  15/34      EV: 17    Int: 31 (32) God:    Sif Muna [****..]
Gold:   978        SH:  8    Dex: 15      Spells: 0/40 levels left

rFire    + . .     SeeInvis .   I - +8 spear "Spider's Undoing" {vorpal, rN+ Str-2 Int+4}
rCold    x . .     Faith    .   J - +2 buckler
rNeg     + + .     Spirit   .   w - +0 robe of Quiet Fog {rN+ Regen+}
rPois    .         Reflect  .   m - +0 helmet
rElec    .         Harm     .   n - +1 cloak
rCorr    .         Rampage  .   C - +0 pair of gloves {Str+3}
Will     +....     Clarity  +   a - +0 pair of boots
Stlth    +++.......             X - amulet of the acrobat
HPRegen  0.63/turn              q - ring of wizardry
MPRegen  0.24/turn              r - ring of fire

@: icy armour
A: hooves 1, clarity, clever 1
a: Renounce Religion, Channel Magic, Forget Spell, Divine Exegesis


You were on level 3 of the Spider Nest.
You worshipped Sif Muna.
Sif Muna was greatly pleased with you.
You visited 4 branches of the dungeon, and saw 21 of its levels.

You collected 1676 gold pieces.
You spent 698 gold pieces at shops.

Inventory:

Hand Weapons
 I - the +8 spear "Spider's Undoing" (weapon) {vorpal, rN+ Str-2 Int+4}
   (You found it on level 6 of the Dungeon)

   It inflicts extra damage upon your enemies.
   It affects your strength (-2).
   It affects your intelligence (+4).
   It protects you from negative energy.
Missiles
 y - 3 curare-tipped darts
 A - 53 poisoned darts (quivered)
 D - 7 throwing nets
Armour
 a - a +0 pair of boots (worn)
 j - the +7 tower shield of Sessemno {rF+, unknown}
   (You found it on level 1 of the Spider Nest)

   It protects you from fire.
 m - a +0 helmet (worn)
 n - a +1 cloak (worn)
 o - +0 acid dragon scales
 w - the +0 robe of Quiet Fog (worn) {rN+ Regen+}
   (You bought it in a shop on level 4 of the Dungeon)

   It protects you from negative energy.
   It increases your rate of regeneration.
 x - a +2 robe
 C - a +0 pair of gloves of strength (worn)
 E - a +0 kite shield
 J - a +2 buckler (worn)
Jewellery
 q - a ring of wizardry (left hand)
 r - a ring of fire (right hand)
 N - an uncursed ring of willpower
 X - an amulet of the acrobat (around neck)
Wands
 v - a wand of acid (14)
 F - a wand of paralysis (46)
 G - a wand of enslavement (15)
 O - a wand of digging (5)
 S - a wand of polymorph (4)
Scrolls
 e - 8 scrolls of remove curse
 f - 4 scrolls of enchant armour
 g - 5 scrolls of magic mapping
 i - 3 scrolls of blinking
 k - a scroll of enchant weapon {unknown}
 p - 8 scrolls of teleportation
 s - 3 scrolls of amnesia
 u - 2 scrolls of fog {unknown}
 z - a scroll of brand weapon {unknown}
 P - a scroll of torment {unknown}
 Q - 3 scrolls of immolation
 T - 4 scrolls of fear
 V - 4 scrolls of holy word
 W - 3 scrolls of vulnerability
 Y - a scroll of silence {unknown}
Potions
 b - 3 potions of haste
 d - 2 potions of brilliance
 h - 2 potions of lignification {unknown}
 l - 3 potions of berserk rage
 B - 3 potions of cancellation
 H - 2 potions of flight
 M - 2 potions of might
 U - 3 potions of attraction {unknown}
 Z - 2 potions of ambrosia {unknown}
Miscellaneous
 L - a lightning rod (4/4)
 R - a condenser vane


   Skills:
 - Level 5.0 Fighting
 - Level 8.0 Dodging
 - Level 5.0 Stealth
 * Level 6.9 Shields
 - Level 13.0 Spellcasting
 - Level 12.0 Conjurations
 - Level 3.1 Summonings
 - Level 5.0 Fire Magic
 - Level 15.0 Ice Magic
 - Level 3.0 Air Magic
 - Level 5.0 Earth Magic
 * Level 11.7 Poison Magic
 + Level 6.9 Invocations
 - Level 8.0 Evocations


You couldn't memorise any spells.
You knew the following spells:

 Your Spells              Type           Power        Failure   Level
a - Freeze                Ice            100%         0%          1
b - Frozen Ramparts       Ice            100%         0%          3
c - Ozocubu's Armour      Ice            85%          0%          3
d - Hailstorm             Conj/Ice       81%          1%          4
e - Poisonous Vapours     Pois/Air       100%         1%          2
f - Blink                 Tloc           N/A          1%          2
g - Mephitic Cloud        Conj/Pois/Air  66%          1%          3
h - Shock                 Conj/Air       100%         1%          1
i - Swiftness             Air            38%          1%          2
j - Summon Ice Beast      Ice/Summ       66%          1%          4
k - Olgreb's Toxic Radia  Pois           75%          1%          4
l - Bolt of Magma         Conj/Fire/Erth 39%          1%          5
m - Dazzling Flash        Conj/Hex       100%         1%          3
n - Ignite Poison         Fire/Tmut/Pois 70%          1%          3

Your spell library contained the following spells:

 Spells                   Type           Power        Failure   Level
 Magic Dart               Conj           100%         0%          1
 Beastly Appendage        Tmut           40%          1%          1
 Summon Small Mammal      Summ           100%         1%          1
 Call Imp                 Summ           39%          1%          2
 Corpse Rot               Necr/Air       N/A          1%          2
 Slow                     Hex            20%          1%          2
 Call Canine Familiar     Summ           39%          1%          3
 Conjure Flame            Conj/Fire      83%          1%          3
 Inner Flame              Hex/Fire       52%          1%          3
 Summon Guardian Golem    Hex/Summ       30%          1%          3
 Ozocubu's Refrigeration  Ice            42%          1%          6
 Summon Lightning Spire   Summ/Air       39%          2%          4
 Leda's Liquefaction      Hex/Erth       17%          3%          4
 Petrify                  Tmut/Erth      35%          3%          4
 Iron Shot                Conj/Erth      32%          4%          6
 Silence                  Hex/Air        14%          14%         5
 Agony                    Necr           20%          26%         5
 Yara's Violent Unravell  Hex/Tmut       10%          26%         5
 Statue Form              Tmut/Erth      23%          45%         6
 Absolute Zero            Ice            42%          87%         9
 Summon Horrible Things   Summ           19%          100%        8
 Shatter                  Erth           25%          100%        9


Dungeon Overview and Level Annotations

Branches:
Dungeon (11/15)            Temple (1/1) D:5            Lair (6/6) D:8
 Shoals (0/4) Lair:2       Spider (3/4) Lair:3        Slime (0/5) Lair:6
    Orc (0/2) D:10

Altars:
Ashenzari
Cheibriados
Dithmenos
Elyvilon
Fedhas
Gozag
Hepliaklqana
Kikubaaqudgha
Makhleb
Nemelex Xobeh
Okawaru
Qazlal
Ru
Sif Muna
Trog
Uskayaw
Vehumet
Wu Jian
Xom
Yredelemnul
Zin
The Shining One

Shops:
D:4 [[(}*[   D:8 !

Annotations:
D:5 exclusion: ice beast
D:11 exclusion: ugly thing
Lair:1 3 runed translucent doors, Tali's ghost, novice DsBe
Lair:2 exclusion: oklob plant
Lair:3 2 transporters
Lair:5 exclusions: door, entropy weaver and fire crab
Lair:6 exclusion: oklob plant
Spider:3 Nikola


Innate Abilities, Weirdness & Mutations

You have large cloven feet.
You possess an exceptional clarity of mind.
Your mind is acute. (Int +2)


Message History

You feel better.
The orb spider pulsates with a strange energy.
Something closely misses you. Something barely misses you.
Something stings you.
* * * LOW HITPOINT WARNING * * *
You are lethally poisoned!
Something poisons you!
Casting: Ignite Poison (safe; 1% risk of failure)
Confirm with . or Enter, or press ? or * to list all spells.
A film of ice covers your body!
* * * LOW HITPOINT WARNING * * *
You feel very sick. Something completely misses you.
Something hits you but does no damage.
Something stings you but does no damage.
You feel better.
You feel less invigorated. Something hits you!
* * * LOW HITPOINT WARNING * * *
Something hits you but does no damage. Something barely misses you.
You block something's attack. Something closely misses you.
Something stings you!
You die...

####### ...†!.. ....# #
..#†... ....# ##
.......#.... ##.
......#.... #..
.......... .# #..
....s.... #.###. #..
.(....†.# #..... #^#<
... #@####...# #.#.
....###†#......# #.###
........)......# ..# #
.##..†..)......####..###
#..†^†........##......
#...........##.....###
#.....[.....####..####
#..........####..####.
............###........


You could see an orb spider (charged).

Vanquished Creatures
  A ghost moth (Spider:2)
  An emperor scorpion (Spider:1)
  3 entropy weavers
  A spark wasp (Spider:1)
  2 fire dragons
  Harold (D:10)
  3 hydras
  A boulder beetle (Spider:1)
  A catoblepas (Lair:6)
  A queen ant (Spider:2)
  3 two-headed ogres
  9 death yaks
  Urug (D:11)
  2 fire crabs
  A swamp dragon (Lair:6)
  11 orb spiders
  16 wolf spiders
  A moth of wrath (Spider:3)
  10 black mambas
  20 elephants
  A guardian serpent (Lair:6)
  15 cane toads
  3 torpor snails
  Maggie (D:6)
  2 rime drakes (Lair:6)
  5 demonic crawlers
  A kobold demonologist (D:8)
  7 komodo dragons
  An efreet (D:11)
  2 trolls
  29 jumping spiders
  2 meliai (Spider:3)
  A queen bee (Spider:3)
  4 hornets
  19 blink frogs
  11 dream sheep
  Sigmund (D:3)
  50 redbacks
  36 yaks
  16 tarantellas
  15 wyverns
  Grum (D:10)
  3 basilisks
  A steam dragon (Lair:6)
  3 soldier ants (Spider:2)
  24 water moccasins
  4 swamp drakes
  Purgy (D:3)
  3 orc warriors
  3 sky beasts
  A necrophage (D:10)
  The ghost of RooneyRooney the Ruffian, an amateur TrBe (D:3)
  4 black bears
  An ice beast (D:10)
  24 wolves
  4 ogres
  7 centaurs
  9 big kobolds
  21 bullfrogs
  5 scorpions
  A wyvern skeleton (D:11)
  3 wights (D:10)
  11 killer bees (Spider:3)
  4 electric eels (D:6)
  2 howler monkeys (D:10)
  2 bullfrog zombies (D:8)
  2 jellies
  2 quasits
  8 hounds
  2 orc priests
  10 orc wizards
  3 bullfrog skeletons
  6 iguanas
  6 hell rats (Lair:6)
  Ijyb (D:3)
  22 worker ants
  2 hound zombies
  A worker ant zombie (D:7)
  2 howler monkey zombies
  8 adders
  3 gnolls (D:5)
  A howler monkey skeleton (D:6)
  3 shadow imps (D:8)
  A white imp (D:9)
  3 ufetubi
  2 worms
  A dart slug (D:1)
  6 leopard geckos
  31 orcs
  2 ball pythons
  4 giant cockroaches
  6 goblins
  3 hobgoblins
  5 jackals
  81 kobolds
  8 quokkas
  11 bats
  3 frilled lizards
  9 kobold skeletons (D:8)
  9 kobold zombies (D:8)
  2 leopard gecko skeletons
  7 rats
730 creatures vanquished.

Vanquished Creatures (collateral kills)
  An entropy weaver (Spider:3)
  A meliai (Spider:3)
  A water moccasin (Lair:5)
  An acid dragon (Lair:6)
  A killer bee (Spider:3)
  2 worker ants (Spider:2)
7 creatures vanquished.

Vanquished Creatures (others)
  62 fungi
  160 plants
222 creatures vanquished.

Grand Total: 959 creatures vanquished

Notes
Turn   | Place    | Note
-------+----------+-------------------------------------------
     0 | D:1      | LemonRage the Deep Elf Ice Elementalist began the quest for
                  | the Orb.
     0 | D:1      | Reached XP level 1. HP: 10/10 MP: 6/6
   778 | D:1      | Reached XP level 2. HP: 14/15 MP: 8/8
  1212 | D:2      | Found a shimmering altar of Xom.
  1217 | D:2      | Found a snail-covered altar of Cheibriados.
  1254 | D:2      | Found a radiant altar of Vehumet.
  1640 | D:2      | Reached skill level 5 in Ice Magic
  1640 | D:2      | Reached XP level 3. HP: 16/19 MP: 6/9
  1686 | D:2      | Found a hazy altar of Hepliaklqana.
  2601 | D:3      | Learned a level 3 spell: Frozen Ramparts
  2605 | D:3      | Learned a level 3 spell: Ozocubu's Armour
  2666 | D:3      | Found a runed translucent door.
  2671 | D:3      | Noticed RooneyRooney's ghost (amateur TrBe)
  2717 | D:3      | Found a runed translucent door.
  2810 | D:3      | Reached XP level 4. HP: 22/24 MP: 7/10
  3086 | D:3      | Noticed Sigmund
  3096 | D:3      | Killed Sigmund
  3097 | D:3      | Reached skill level 7 in Ice Magic
  3097 | D:3      | Reached XP level 5. HP: 13/28 MP: 2/11
  3305 | D:3      | Noticed Ijyb
  3312 | D:3      | Killed Ijyb
  3313 | D:3      | Reached XP level 6. HP: 32/32 MP: 2/12
  3403 | D:3      | Noticed Purgy
  3413 | D:3      | Killed Purgy
  3414 | D:3      | Reached skill level 8 in Ice Magic
  3757 | D:3      | Learned a level 4 spell: Hailstorm
  3975 | D:4      | Found an opulent altar of Gozag.
  3976 | D:4      | Found Gozag's Platinum Reserve.
  4051 | D:4      | Found Jewiositri's Antique Armour Boutique.
  4215 | D:4      | Found Qoycac's Gadget Shoppe.
  4280 | D:4      | Found Lixkeonn's Antique Weapon Shop.
  4308 | D:4      | Found Pium's Antique Armour Shoppe.
  4501 | D:4      | Found Jiciciemm's Armour Shoppe.
  4526 | D:5      | Entered Level 5 of the Dungeon
  4526 | D:5      | Found a staircase to the Ecumenical Temple.
  4530 | D:5      | Noticed an ice beast
  4538 | Temple   | Entered the Ecumenical Temple
  4714 | D:5      | Reached skill level 9 in Ice Magic
  4953 | D:5      | Reached XP level 7. HP: 12/36 MP: 4/13
  5643 | D:6      | Noticed Maggie
  5664 | D:6      | Killed Maggie
  5665 | D:6      | Reached skill level 10 in Ice Magic
  5817 | D:6      | Found a glowing silver altar of Zin.
  5817 | D:6      | Found a sacrificial altar of Ru.
  5848 | D:6      | Reached XP level 8. HP: 41/41 MP: 4/14
  5974 | D:6      | Found a bloodstained altar of Trog.
  5980 | D:6      | Reached skill level 11 in Ice Magic
  6643 | D:6      | Got a fine spear
  6644 | D:6      | Identified the +8 spear "Spider's Undoing" {vorpal, rN+
                  | Str-2 Int+4} (You found it on level 6 of the Dungeon)
  7034 | D:3      | Learned a level 2 spell: Call Imp
  7048 | D:3      | Killed RooneyRooney's ghost
  7049 | D:3      | Reached skill level 12 in Ice Magic
  7207 | D:4      | Bought a heavily jewelled robe for 136 gold pieces
  7217 | D:4      | Identified the cursed +0 robe of Quiet Fog {rN+ Regen+}
                  | (You bought it in a shop on level 4 of the Dungeon)
  7221 | D:4      | Bought a glowing robe for 88 gold pieces
  8420 | D:7      | Noticed a troll
  8426 | D:7      | Killed a troll
  8427 | D:7      | Reached skill level 1 in Conjurations
  8427 | D:7      | Reached XP level 9. HP: 46/46 MP: 0/15
  8444 | D:7      | Reached skill level 1 in Shields
  9244 | D:8      | Reached skill level 1 in Fighting
  9591 | D:8      | Reached skill level 13 in Ice Magic
  9594 | D:8      | Noticed a two-headed ogre
  9602 | D:8      | Killed a two-headed ogre
  9918 | D:8      | Reached skill level 5 in Stealth
  9961 | D:8      | Found Pyqeih's Distillery.
  9996 | D:8      | Found a stormy altar of Qazlal.
 10107 | D:8      | Reached XP level 10. HP: 53/53 MP: 11/16
 10224 | D:8      | Noticed a rust devil
 10229 | D:8      | Noticed a smoke demon
 10231 | D:8      | Reached skill level 5 in Dodging
 10231 | D:8      | Reached skill level 5 in Conjurations
 10472 | D:8      | Found an ancient bone altar of Kikubaaqudgha.
 10673 | D:8      | Found a staircase to the Lair.
 11116 | D:9      | Noticed a two-headed ogre
 11123 | D:9      | Killed a two-headed ogre
 11266 | D:9      | Found a shimmering blue altar of Sif Muna.
 11270 | D:9      | Became a worshipper of Sif Muna the Loreminder
 12125 | D:4      | Bought a pair of embroidered gloves for 180 gold pieces
 12971 | Lair:1   | Entered Level 1 of the Lair of Beasts
 12976 | Lair:1   | Noticed an eight-headed hydra
 13143 | D:10     | Entered Level 10 of the Dungeon
 13244 | D:10     | Noticed a two-headed ogre
 13255 | D:10     | Killed a two-headed ogre
 13256 | D:10     | Reached skill level 1 in Summonings
 13256 | D:10     | Reached skill level 1 in Invocations
 13256 | D:10     | Reached skill level 1 in Evocations
 13416 | D:10     | Found a snail-covered altar of Cheibriados.
 13740 | D:10     | Reached * piety under Sif Muna
 13955 | D:10     | Noticed Harold
 13966 | D:10     | Killed Harold
 13967 | D:10     | Reached skill level 5 in Spellcasting
 13967 | D:10     | Reached XP level 11. HP: 53/60 MP: 4/20
 14083 | D:10     | Noticed Grum
 14092 | D:10     | Killed Grum
 14405 | D:10     | Found a staircase to the Orcish Mines.
 14521 | D:11     | Noticed a white ugly thing
 14610 | D:11     | Noticed Urug
 14717 | D:11     | Killed Urug
 14736 | D:11     | Noticed a five-headed hydra
 14871 | Temple   | Learned a level 2 spell: Blink
 14875 | Temple   | Learned a level 3 spell: Mephitic Cloud
 15412 | D:11     | Noticed a boulder beetle
 15823 | D:8      | Bought a potion of mutation for 112 gold pieces
 15823 | D:8      | Bought a potion of heal wounds for 70 gold pieces
 15823 | D:8      | Bought a potion of heal wounds for 70 gold pieces
 15823 | D:8      | Bought a potion of curing for 42 gold pieces
 15823 | D:8      | Gained mutation: Armour fits poorly on your strangely
                  | shaped body. [potion of mutation]
 15823 | D:8      | Gained mutation: You expend magic power (3 MP) to
                  | strengthen your wands. [potion of mutation]
 15823 | D:8      | Gained mutation: Your skin changes colour to match your
                  | surroundings (Stealth+). [potion of mutation]
 15823 | D:8      | Gained mutation: You are covered in fur. (AC +1) [potion of
                  | mutation]
 15824 | D:8      | Lost mutation: Armour fits poorly on your strangely shaped
                  | body. [potion of mutation]
 15824 | D:8      | Lost mutation: You are covered in fur. (AC +1) [potion of
                  | mutation]
 15824 | D:8      | Gained mutation: You are dopey. (Int -2) [potion of
                  | mutation]
 15824 | D:8      | Gained mutation: Your flesh is cold resistant. (rC+)
                  | [potion of mutation]
 16008 | Lair:1   | Killed an eight-headed hydra
 16183 | Lair:1   | Reached skill level 1 in Air Magic
 16241 | Lair:1   | Reached skill level 1 in Poison Magic
 16380 | Lair:1   | Noticed a minotaur
 16380 | Lair:1   | Noticed Tali's ghost (novice DsBe)
 16393 | Lair:1   | Reached skill level 5 in Evocations
 16465 | Lair:1   | Found a runed translucent gate.
 16465 | Lair:1   | Found a runed translucent gate.
 16465 | Lair:1   | Found a runed translucent gate.
 16561 | Lair:1   | Identified the Volume of Feathery Toxins
 16561 | Lair:1   | Noticed a fire dragon
 16961 | Lair:1   | Reached ** piety under Sif Muna
 17762 | Lair:2   | Reached skill level 5 in Invocations
 17762 | Lair:2   | Reached XP level 12. HP: 67/67 MP: 18/24
 18158 | Lair:2   | Found a staircase to the Shoals.
 18278 | Lair:2   | Learned a level 1 spell: Shock
 18281 | Lair:2   | Learned a level 2 spell: Swiftness
 18286 | Lair:2   | Learned a level 4 spell: Summon Ice Beast
 18334 | Lair:3   | Found a transporter.
 18385 | Lair:3   | Found a transporter.
 18401 | Lair:3   | Noticed a death yak
 18413 | Lair:3   | Killed a death yak
 18417 | Lair:3   | Learned a level 2 spell: Poisonous Vapours
 18960 | Lair:3   | Reached skill level 5 in Fighting
 19206 | Lair:3   | Reached *** piety under Sif Muna
 19411 | Lair:3   | Found a hole to the Spider Nest.
 20244 | Lair:1   | Killed a fire dragon
 20658 | Lair:4   | Reached skill level 14 in Ice Magic
 20801 | Lair:4   | Reached skill level 10 in Conjurations
 22121 | Lair:4   | Learned a level 4 spell: Olgreb's Toxic Radiance
 22126 | Lair:5   | Noticed a death yak
 22127 | Lair:5   | Noticed a death yak
 22129 | Lair:5   | Noticed a death yak
 22130 | Lair:5   | Noticed a death yak
 22130 | Lair:5   | Noticed a death yak
 22131 | Lair:5   | Noticed a death yak
 22137 | Lair:5   | Reached XP level 13. HP: 67/72 MP: 10/28
 22718 | Lair:5   | Reached skill level 5 in Poison Magic
 22895 | Lair:5   | Found a runed translucent door.
 22917 | Lair:5   | Reached **** piety under Sif Muna
 23152 | Lair:5   | HP: 3/72 [death yak[a torpor snail] (15)]
 24216 | Lair:6   | Entered Level 6 of the Lair of Beasts
 24298 | Lair:6   | Reached skill level 10 in Spellcasting
 24942 | Lair:5   | Noticed an entropy weaver
 25164 | Lair:6   | Reached skill level 15 in Ice Magic
 25368 | Lair:6   | Reached ***** piety under Sif Muna
 25375 | Lair:6   | Reached XP level 14. HP: 71/78 MP: 18/30
 25477 | Lair:6   | Learned a level 5 spell: Bolt of Magma
 25848 | Lair:6   | Identified Sif Muna's Guide on Black Secrets and the Oath
                  | (Sif Muna gifted it to you on level 6 of the Lair of
                  | Beasts)
 25848 | Lair:6   | Received a gift from Sif Muna
 25919 | Lair:6   | Reached skill level 1 in Fire Magic
 25979 | Lair:6   | Reached skill level 1 in Earth Magic
 26825 | Lair:6   | Lost mutation: You are dopey. (Int -2) [potion of mutation]
 26825 | Lair:6   | Lost mutation: Your skin changes colour to match your
                  | surroundings (Stealth+). [potion of mutation]
 26825 | Lair:6   | Lost mutation: You expend magic power (3 MP) to strengthen
                  | your wands. [potion of mutation]
 26825 | Lair:6   | Lost mutation: Your flesh is cold resistant. (rC+) [potion
                  | of mutation]
 26825 | Lair:6   | Gained mutation: Your mind is acute. (Int +2) [potion of
                  | mutation]
 26825 | Lair:6   | Gained mutation: You possess an exceptional clarity of
                  | mind. [potion of mutation]
 26825 | Lair:6   | Gained mutation: You have large cloven feet. [potion of
                  | mutation]
 29922 | Lair:6   | Found a staircase to the Slime Pits.
 30024 | Spider:1 | Entered Level 1 of the Spider Nest
 30029 | Spider:1 | Learned a level 3 spell: Dazzling Flash
 30488 | Spider:1 | Got a jewelled tower shield
 31494 | Spider:1 | Noticed an emperor scorpion
 31501 | Spider:1 | Killed an emperor scorpion
 32308 | Spider:1 | Identified Sif Muna's Collected Works on Moulding and
                  | Summoning (Sif Muna gifted it to you on level 1 of the
                  | Spider Nest)
 32308 | Spider:1 | Received a gift from Sif Muna
 32826 | Spider:2 | Reached skill level 10 in Poison Magic
 32832 | Spider:1 | Reached XP level 15. HP: 28/82 MP: 10/33
 33076 | Spider:2 | Reached skill level 5 in Shields
 33897 | Spider:2 | Killed a ghost moth
 33915 | Spider:2 | Reached skill level 5 in Earth Magic
 33979 | Spider:2 | Reached skill level 5 in Fire Magic
 33991 | Spider:2 | Identified Linank's Tome of Dung (Sif Muna gifted it to you
                  | on level 2 of the Spider Nest)
 33991 | Spider:2 | Received a gift from Sif Muna
 34795 | Spider:2 | Learned a level 3 spell: Ignite Poison
 34953 | Spider:3 | Noticed Nikola
 35465 | Spider:3 | Slain by a ghost moth

Illustrated notes

Levels and vault maps discovered:
D:1:      saegor_arrival_simple_d, layout_basic
D:2:      layout_basic, minitemple, marbit_many_paths, fiery_altar_vehumet,
          chequers_avenue
D:3:      layout_basic, ebering_ghost_sewer_f, uniq_purgy, uniq_sigmund,
          uniq_ijyb
D:4:      layout_rooms, serial_shops, nicolae_shop_overgrown_old_shop,
          shop_fountains, shop, nicolae_shop_behind_doors, nicolae_shop_trees,
          nicolae_gozag_zags_fifth_avenue
D:5:      minmay_goblin_kobold_castle, layout_basic, minmay_temple_entry_tees,
          chequers_big_river, hex_medium
D:6:      cheibrodos_two_vegetables, layout_gridville, trog_ov_bears_minmay,
          chequers_temple_overflow_statue_of_worship, uniq_maggie
D:7:      layout_gridville
D:8:      wander_kiku_kobolds, layout_basic, old_standard_altar,
          grunt_lair_entry_orc_guard_hut, serial_shops, shop
D:9:      layout_basic, kennysheep_mini_moat
D:10:     layout_basic, david_orc_2, cheibriados_altar_1, uniq_harold, uniq_grum
D:11:     layout_cave_pools, serial_shops, shop, uniq_urug
Temple:   dshaligram_water_room_temple
Lair:1:   dragon1_lemuel, layout_loops_ring, maelrawn_ghost_gauntlet_escape,
          roderic_batcave, chequers_serial_rivers_micro_c
Lair:2:   layout_roguey, minmay_shoals_entry_centaurs, minmay_lair_oklob_bushes,
          lemuel_fruit_fields
Lair:3:   gammafunk_cloud_chamber, layout_gridlike, spider_nest_entry_webs,
          chequers_serial_rivers_micro_b, grunt_megastairs_3
Lair:4:   layout_small_grid
Lair:5:   gammafunk_mikee_crab_dinner, layout_long_grid, grunt_megastairs_2,
          infiniplex_staircase_pool
Lair:6:   hangedman_lair_tendril_chambers, layout_regular_city,
          guppyfry_lair_end_dragon, minmay_slime_entry_oklob_enclosed
Spider:1: layout_spider_delve
Spider:2: layout_spider_delve, minmay_another_anthill
Spider:3: layout_chambers, special_room [special_room_bee], uniq_nikola

Skill      XL: |  1  2  3  4  5  6  7  8  9 10 11 12 13 14 15 |
---------------+----------------------------------------------+-----
Dodging        | 3 4 5 8 |  8.0
Stealth        | 3 5 |  5.0
Ice Magic      | 5 7 9 10 12 13 14 15 | 15.0
Conjurations   | 1 4 8 9 10 11 12 | 12.0
Shields        | 3 4 6 |  6.9
Fighting       | 2 3 4 5 |  5.0
Spellcasting   | 5 6 9 10 12 13 | 13.0
Summonings     | 2 3 |  3.1
Invocations    | 2 5 6 |  6.9
Evocations     | 2 5 7 8 |  8.0
Air Magic      | 2 3 |  3.0
Poison Magic   | 2 3 7 10 11 | 11.7
Fire Magic     | 4 5 |  5.0
Earth Magic    | 4 5 |  5.0

Action                   |  1- 3 |  4- 6 |  7- 9 | 10-12 | 13-15 || total
-------------------------+-------+-------+-------+-------+-------++-------
Melee: Dagger            |    26 |    11 |       |       |       ||    37
       Unarmed           |     1 |       |       |       |       ||     1
       Flail             |       |     3 |    43 |       |       ||    46
       Spear             |       |       |   167 |   457 |   477 ||  1101
Throw: Boomerang         |       |     8 |    44 |    70 |     8 ||   130
       Javelin           |       |       |       |     6 |       ||     6
       Stone             |       |       |       |     2 |    40 ||    42
       Dart              |       |       |       |       |    19 ||    19
 Cast: Freeze            |    43 |    25 |    29 |    33 |    16 ||   146
       Ozocubu's Armour  |       |     8 |    24 |    76 |   100 ||   208
       Frozen Ramparts   |       |     7 |    37 |    80 |   106 ||   230
       Hailstorm         |       |       |     9 |    28 |     9 ||    46
       Call Imp          |       |       |     2 |    10 |       ||    12
       Mephitic Cloud    |       |       |       |    12 |     1 ||    13
       Blink             |       |       |       |     6 |     6 ||    12
       Shock             |       |       |       |    33 |    19 ||    52
       Summon Ice Beast  |       |       |       |     4 |     7 ||    11
       Poisonous Vapours |       |       |       |     2 |       ||     2
       Olgreb's Toxic Ra |       |       |       |     1 |   111 ||   112
       Swiftness         |       |       |       |     1 |     2 ||     3
       Bolt of Magma     |       |       |       |       |    36 ||    36
       Dazzling Flash    |       |       |       |       |     4 ||     4
       Ignite Poison     |       |       |       |       |     2 ||     2
Invok: Channel Magic     |       |       |       |       |     8 ||     8
Evoke: Wand              |       |       |       |    22 |     2 ||    24
       Condenser vane    |       |       |       |       |     1 ||     1
       Lightning rod     |       |       |       |       |     4 ||     4
  Use: Scroll            |     2 |     4 |     3 |    13 |     3 ||    25
       Potion            |       |       |       |     8 |    15 ||    23
 Stab: Sleeping          |     9 |     2 |     2 |    10 |     2 ||    25
       Distracted        |       |       |       |     2 |     2 ||     4
       Confused          |       |       |       |     6 |       ||     6
Armor: Robe              |     8 |     9 |    65 |   144 |   214 ||   440
       Acid dragon scale |       |       |       |       |     8 ||     8
Dodge: Dodged            |    42 |    32 |   183 |   328 |   450 ||  1035
Block: Buckler           |       |       |       |   120 |   199 ||   319
